2778 views
Uploaded 2021-08-18 22:24:34
Game version 1.32.4 / 1.32.5
19:57 long 4on4 ladder game on (8)Deadlock_LV
Saved by GlaiVe
2778 views
Uploaded 2021-08-18 22:24:34
Game version 1.32.4 / 1.32.5
19:57 long 4on4 ladder game on (8)Deadlock_LV


178 units @ 25.5k
/ 3.4k
77 buildings @ 11.5k
/ 4.8k

| Healing Salve | 3 | 300 |
| Scroll of Speed | 1 | 50 |
| Orb of Lightning | 1 | 375 |
| Scroll of Town Portal | 1 | 350 |
| Boots of Speed | 1 | 250 |
| total: | 7 | 1325g |
| Peon | 14 | 1050 | / | 0 |
| Grunt | 6 | 1200 | / | 0 |
| Tauren | 15 | 4200 | / | 1200 |
| Shaman | 10 | 1300 | / | 200 |
| total: | 45 | 7750g | / | 1400w |
| Watch Tower | 6 | 660 | / | 480 |
| Altar of Storms | 1 | 180 | / | 50 |
| Orc Burrow | 9 | 1440 | / | 360 |
| Barracks | 1 | 180 | / | 50 |
| Voodoo Lounge | 1 | 130 | / | 30 |
| War Mill | 1 | 205 | / | 0 |
| Great Hall | 1 | 385 | / | 185 |
| Tauren Totem | 2 | 270 | / | 310 |
| Spirit Lodge | 1 | 150 | / | 150 |
| Stronghold | 1 | 315 | / | 190 |
| Fortress | 1 | 325 | / | 190 |
| total: | 23 | 3600g | / | 1615w |
| 0:12 | Peon |
| 0:12 | Peon |
| 0:16 | Altar of Storms |
| 0:22 | Orc Burrow |
| 0:24 | Peon |
| 0:53 | Barracks |
| 0:56 | Peon |
| 1:01 | Peon |
| 1:16 | Peon |
| 1:17 | Peon |
| 1:40 | Orc Burrow |
| 2:08 | Grunt |
| 2:13 | Voodoo Lounge |
| 2:28 | Wind Walk |
| 2:33 | Grunt |
| 2:43 | Orc Burrow |
| 3:06 | War Mill |
| 3:54 | Orc Burrow |
| 4:01 | Stronghold |
| 4:23 | Watch Tower |
| 4:26 | Grunt |
| 4:32 | Steel Armor |
| 4:37 | Critical Strike |
| 5:06 | Steel Melee Weapons |
| 5:08 | Grunt |
| 5:37 | Watch Tower |
| 5:53 | Great Hall |
| 5:59 | Orc Burrow |
| 6:01 | Orc Burrow |
| 6:04 | Healing Salve |
| 7:04 | Watch Tower |
| 7:16 | Tauren Totem |
| 7:29 | Grunt |
| 7:30 | Berserker Strength |
| 7:31 | Grunt |
| 8:31 | Orc Burrow |
| 8:32 | Peon |
| 8:33 | Peon |
| 8:33 | Peon |
| 8:33 | Peon |
| 9:02 | Wind Walk |
| 9:59 | Tauren Totem |
| 10:02 | Peon |
| 10:13 | Watch Tower |
| 10:15 | Peon |
| 10:16 | Peon |
| 10:28 | Healing Salve |
| 10:29 | Scroll of Speed |
| 10:30 | Scroll of Town Portal |
| 10:42 | Fortress |
| 11:05 | Boots of Speed |
| 11:20 | Spirit Lodge |
| 11:26 | Watch Tower |
| 13:05 | Critical Strike |
| 13:09 | Shaman Adept Training |
| 13:12 | Tauren |
| 13:12 | Tauren |
| 13:13 | Tauren |
| 13:13 | Tauren |
| 14:28 | Shaman Master Training |
| 14:30 | Tauren |
| 14:30 | Tauren |
| 15:02 | Healing Salve |
| 15:09 | Orb of Lightning |
| 15:20 | Pulverize |
| 15:21 | Tauren |
| 15:23 | Shaman |
| 15:24 | Shaman |
| 15:24 | Shaman |
| 15:24 | Shaman |
| 15:27 | Shaman |
| 15:41 | Thorium Armor |
| 15:52 | Orc Burrow |
| 16:36 | Wind Walk |
| 16:41 | Watch Tower |
| 16:46 | Orc Burrow |
| 17:00 | Tauren |
| 17:01 | Tauren |
| 17:23 | Bladestorm |
| 17:41 | Shaman |
| 17:42 | Thorium Melee Weapons |
| 17:59 | Critical Strike |
| 18:30 | Shaman |
| 18:31 | Tauren |
| 18:32 | Tauren |
| 18:35 | Tauren |
| 18:35 | Tauren |
| 18:39 | Mirror Image |
| 19:05 | Shaman |
| 19:05 | Shaman |
| 19:05 | Shaman |
| 19:50 | Tauren |
| 19:50 | Tauren |
| Right click | 527 |
| Select | 223 |
| Build/train/purchase | 84 |
| Resource trade | 42 |
| Chat | 32 |
| Misc. action | 14 |
| Use ability | 14 |
| Minimap ping | 1 |

| Orb of Venom | 1 | 325 |
| Scroll of Town Portal | 2 | 700 |
| total: | 3 | 1025g |
| Wisp | 19 | 1140 | / | 0 |
| Archer | 21 | 2730 | / | 210 |
| Hippogryph | 10 | 1600 | / | 200 |
| total: | 50 | 5470g | / | 410w |
| Moon Well | 6 | 1080 | / | 240 |
| Altar of Elders | 1 | 180 | / | 50 |
| Ancient of War | 1 | 150 | / | 60 |
| Hunter's Hall | 1 | 210 | / | 100 |
| Tree of Life | 1 | 340 | / | 185 |
| Ancient of Wonders | 1 | 90 | / | 30 |
| Ancient of Wind | 2 | 300 | / | 280 |
| Tree of Ages | 1 | 320 | / | 180 |
| Tree of Eternity | 1 | 330 | / | 200 |
| total: | 13 | 2350g | / | 945w |
| 0:03 | Wisp |
| 0:03 | Wisp |
| 0:03 | Wisp |
| 0:03 | Wisp |
| 0:19 | Moon Well |
| 0:33 | Altar of Elders |
| 0:48 | Ancient of War |
| 0:51 | Wisp |
| 0:51 | Wisp |
| 0:51 | Wisp |
| 0:52 | Wisp |
| 1:40 | Moon Well |
| 1:49 | Archer |
| 1:49 | Archer |
| 1:49 | Archer |
| 2:16 | Moon Well |
| 2:34 | Trueshot Aura |
| 3:08 | Archer |
| 3:08 | Archer |
| 3:11 | Archer |
| 3:12 | Archer |
| 3:20 | Moon Well |
| 4:02 | Archer |
| 4:10 | Tree of Ages |
| 4:29 | Hunter's Hall |
| 5:24 | Tree of Life |
| 5:40 | Archer |
| 5:41 | Archer |
| 5:47 | Strength of the Moon |
| 5:48 | Moon Armor |
| 5:58 | Searing Arrows |
| 6:32 | Improved Bows |
| 6:40 | Tree of Eternity |
| 7:40 | Trueshot Aura |
| 7:42 | Trueshot Aura |
| 7:42 | Trueshot Aura |
| 8:00 | Ancient of Wonders |
| 8:16 | Ancient of Wind |
| 8:26 | Ancient of Wind |
| 8:37 | Wisp |
| 8:37 | Wisp |
| 8:37 | Wisp |
| 8:38 | Wisp |
| 8:38 | Wisp |
| 8:41 | Wisp |
| 8:42 | Wisp |
| 9:36 | Searing Arrows |
| 9:48 | Hippogryph |
| 9:51 | Wisp |
| 9:51 | Wisp |
| 10:01 | Wisp |
| 10:01 | Wisp |
| 10:03 | Marksmanship |
| 10:09 | Archer |
| 10:09 | Archer |
| 10:15 | Scroll of Town Portal |
| 11:29 | Improved Strength of the Moon |
| 11:30 | Improved Moon Armor |
| 11:34 | Hippogryph |
| 11:35 | Hippogryph |
| 12:44 | Archer |
| 12:50 | Moon Well |
| 12:51 | Moon Well |
| 13:41 | Archer |
| 13:42 | Archer |
| 13:42 | Archer |
| 13:46 | Hippogryph |
| 13:46 | Hippogryph |
| 13:58 | Advanced Strength of the Moon |
| 14:03 | Hippogryph |
| 14:05 | Archer |
| 14:05 | Archer |
| 14:28 | Scroll of Town Portal |
| 14:38 | Orb of Venom |
| 14:46 | Hippogryph |
| 14:47 | Hippogryph |
| 15:55 | Trueshot Aura |
| 16:24 | Archer |
| 16:25 | Archer |
| 16:27 | Hippogryph |
| 16:28 | Hippogryph |
| 16:29 | Archer |
| 19:28 | Starfall |
| 19:29 | Starfall |
| 19:31 | Starfall |
| 19:31 | Starfall |
| 19:33 | Starfall |
| 19:34 | Starfall |
| 19:34 | Starfall |
| 19:35 | Starfall |
| 19:49 | Starfall |
| Right click | 388 |
| Select | 244 |
| Build/train/purchase | 100 |
| Select group | 33 |
| Chat | 31 |
| Assign group | 24 |
| Minimap ping | 13 |
| Use ability | 2 |
| Item give/drop | 1 |


| Healing Salve | 3 | 300 |
| Lesser Clarity Potion | 2 | 140 |
| Scroll of Town Portal | 2 | 700 |
| Talisman of Evasion | 1 | 300 |
| The Lion Horn of Stormwind | 1 | 400 |
| total: | 9 | 1840g |
| Peon | 16 | 1200 | / | 0 |
| Grunt | 11 | 2200 | / | 0 |
| Spirit Walker | 5 | 975 | / | 175 |
| Raider | 11 | 1980 | / | 440 |
| total: | 43 | 6355g | / | 615w |
| Watch Tower | 2 | 220 | / | 160 |
| Altar of Storms | 1 | 180 | / | 50 |
| Orc Burrow | 8 | 1280 | / | 320 |
| Barracks | 1 | 180 | / | 50 |
| Voodoo Lounge | 1 | 130 | / | 30 |
| War Mill | 1 | 205 | / | 0 |
| Great Hall | 1 | 385 | / | 185 |
| Beastiary | 1 | 145 | / | 140 |
| Tauren Totem | 1 | 135 | / | 155 |
| Stronghold | 1 | 315 | / | 190 |
| Fortress | 2 | 650 | / | 380 |
| total: | 17 | 2860g | / | 1090w |
| 0:01 | Peon |
| 0:01 | Peon |
| 0:05 | Altar of Storms |
| 0:19 | Orc Burrow |
| 0:33 | Barracks |
| 0:34 | Peon |
| 0:35 | Peon |
| 0:51 | Peon |
| 1:04 | Peon |
| 1:15 | Peon |
| 1:20 | Voodoo Lounge |
| 1:36 | Grunt |
| 1:37 | Grunt |
| 1:44 | Peon |
| 1:44 | Peon |
| 2:03 | Orc Burrow |
| 2:06 | Wind Walk |
| 2:44 | Stronghold |
| 2:56 | Grunt |
| 3:25 | Grunt |
| 3:39 | Orc Burrow |
| 3:58 | Grunt |
| 4:02 | Critical Strike |
| 4:21 | War Mill |
| 4:33 | Healing Salve |
| 4:37 | Lesser Clarity Potion |
| 5:11 | Berserker Strength |
| 5:23 | Beastiary |
| 5:39 | Tauren Totem |
| 5:41 | Wind Walk |
| 5:56 | Healing Salve |
| 6:04 | Healing Wave |
| 6:18 | Peon |
| 6:18 | Peon |
| 6:32 | Ensnare |
| 6:39 | Orc Burrow |
| 6:58 | Spirit Walker |
| 7:00 | Spirit Walker Adept Training |
| 7:00 | Spirit Walker Master Training |
| 7:16 | Raider |
| 7:22 | Great Hall |
| 7:40 | Steel Armor |
| 7:40 | Thorium Armor |
| 7:57 | Raider |
| 8:33 | Raider |
| 9:14 | Raider |
| 9:15 | Spirit Walker |
| 9:44 | Grunt |
| 10:10 | Raider |
| 10:15 | Arcanite Armor |
| 10:17 | Peon |
| 10:17 | Peon |
| 10:17 | Peon |
| 10:18 | Peon |
| 10:18 | Peon |
| 10:39 | Watch Tower |
| 10:58 | Scroll of Town Portal |
| 11:44 | Hex |
| 11:44 | Hex |
| 12:02 | Grunt |
| 12:02 | Grunt |
| 12:03 | Raider |
| 12:03 | Raider |
| 12:12 | Watch Tower |
| 12:13 | Critical Strike |
| 12:28 | Healing Wave |
| 12:34 | Orc Burrow |
| 13:23 | Raider |
| 13:23 | Raider |
| 13:24 | Grunt |
| 13:24 | Grunt |
| 13:40 | Orc Burrow |
| 13:41 | Fortress |
| 14:06 | Lesser Clarity Potion |
| 14:07 | Healing Salve |
| 14:21 | Scroll of Town Portal |
| 14:25 | Reinforced Defenses |
| 15:02 | Grunt |
| 15:15 | Talisman of Evasion |
| 15:21 | The Lion Horn of Stormwind |
| 15:57 | Raider |
| 15:57 | Raider |
| 16:21 | Spirit Walker |
| 17:06 | Spirit Walker |
| 17:13 | Wind Walk |
| 17:32 | Spirit Walker |
| 18:42 | Hex |
| 18:49 | Orc Burrow |
| 18:50 | Orc Burrow |
| Right click | 2067 |
| Select group | 1240 |
| Select | 827 |
| Assign group | 123 |
| Build/train/purchase | 114 |
| Use ability | 59 |
| Chat | 51 |
| Misc. action | 12 |
| Item give/drop | 6 |
| Resource trade | 5 |
| Remove unit | 3 |
| Minimap ping | 3 |


| Lesser Clarity Potion | 9 | 630 |
| Potion of Healing | 1 | 150 |
| Potion of Mana | 1 | 200 |
| Scroll of Regeneration | 2 | 200 |
| Staff of Sanctuary | 2 | 500 |
| Scroll of Town Portal | 2 | 700 |
| Healing Salve | 1 | 100 |
| total: | 18 | 2480g |
| Peasant | 17 | 1275 | / | 0 |
| Rifleman | 14 | 2870 | / | 420 |
| Siege Engine | 9 | 1755 | / | 540 |
| total: | 40 | 5900g | / | 960w |
| Scout Tower | 1 | 30 | / | 20 |
| Arcane Tower | 1 | 70 | / | 50 |
| Farm | 14 | 1120 | / | 280 |
| Altar of Kings | 1 | 180 | / | 50 |
| Blacksmith | 1 | 140 | / | 60 |
| Barracks | 1 | 160 | / | 60 |
| Town Hall | 1 | 385 | / | 205 |
| Lumber Mill | 1 | 120 | / | 0 |
| Arcane Vault | 1 | 130 | / | 30 |
| Workshop | 3 | 420 | / | 420 |
| Keep | 1 | 320 | / | 210 |
| Castle | 2 | 720 | / | 420 |
| total: | 24 | 2685g | / | 1125w |
| 0:02 | Peasant |
| 0:03 | Peasant |
| 0:03 | Peasant |
| 0:10 | Farm |
| 0:11 | Altar of Kings |
| 0:28 | Peasant |
| 0:29 | Peasant |
| 0:29 | Peasant |
| 1:01 | Blacksmith |
| 1:07 | Barracks |
| 1:20 | Farm |
| 1:28 | Peasant |
| 1:28 | Peasant |
| 1:28 | Peasant |
| 1:44 | Peasant |
| 1:54 | Farm |
| 2:11 | Scout Tower |
| 2:14 | Peasant |
| 2:15 | Rifleman |
| 2:24 | Farm |
| 2:29 | Peasant |
| 2:38 | Arcane Tower |
| 2:47 | Peasant |
| 2:51 | Thunder Clap |
| 3:13 | Rifleman |
| 3:13 | Peasant |
| 3:29 | Farm |
| 3:42 | Rifleman |
| 3:53 | Peasant |
| 4:30 | Storm Bolt |
| 4:52 | Keep |
| 4:54 | Lesser Clarity Potion |
| 4:59 | Town Hall |
| 5:43 | Rifleman |
| 6:19 | Rifleman |
| 6:19 | Black Gunpowder |
| 6:21 | Studded Leather Armor |
| 6:22 | Rifleman |
| 6:30 | Lumber Mill |
| 6:35 | Peasant |
| 6:35 | Peasant |
| 6:46 | Healing Salve |
| 6:46 | Lesser Clarity Potion |
| 6:50 | Lesser Clarity Potion |
| 7:01 | Rifleman |
| 7:14 | Castle |
| 7:23 | Long Rifles |
| 7:38 | Workshop |
| 7:39 | Workshop |
| 7:42 | Rifleman |
| 7:42 | Rifleman |
| 7:49 | Storm Bolt |
| 8:58 | Rifleman |
| 9:09 | Farm |
| 9:10 | Farm |
| 9:12 | Improved Lumber Harvesting |
| 9:15 | Workshop |
| 9:18 | Refined Gunpowder |
| 9:19 | Reinforced Leather Armor |
| 9:20 | Iron Plating |
| 9:23 | Farm |
| 9:23 | Farm |
| 9:24 | Farm |
| 9:24 | Farm |
| 9:34 | Potion of Healing |
| 9:34 | Potion of Mana |
| 9:34 | Scroll of Town Portal |
| 9:42 | Lesser Clarity Potion |
| 9:48 | Siege Engine |
| 9:56 | Siege Engine |
| 10:03 | Farm |
| 10:04 | Farm |
| 10:16 | Siege Engine |
| 10:17 | Barrage |
| 10:21 | Farm |
| 10:53 | Siege Engine |
| 11:14 | Siege Engine |
| 11:35 | Holy Light |
| 12:26 | Thunder Clap |
| 12:30 | Siege Engine |
| 12:48 | Steel Plating |
| 12:48 | Imbued Gunpowder |
| 13:33 | Siege Engine |
| 14:03 | Rifleman |
| 14:03 | Rifleman |
| 14:24 | Rifleman |
| 14:31 | Arcane Vault |
| 14:39 | Mithril Plating |
| 14:58 | Scroll of Regeneration |
| 14:59 | Lesser Clarity Potion |
| 15:01 | Scroll of Town Portal |
| 15:02 | Staff of Sanctuary |
| 15:14 | Scroll of Regeneration |
| 15:14 | Lesser Clarity Potion |
| 15:45 | Siege Engine |
| 15:47 | Dragonhide Armor |
| 15:56 | Divine Shield |
| 17:06 | Siege Engine |
| 17:14 | Rifleman |
| 17:24 | Lesser Clarity Potion |
| 17:27 | Lesser Clarity Potion |
| 17:30 | Staff of Sanctuary |
| 17:56 | Lesser Clarity Potion |
| 18:51 | Storm Bolt |
| 19:06 | Holy Light |
| Right click | 690 |
| Select group | 392 |
| Select | 247 |
| Build/train/purchase | 123 |
| Misc. action | 69 |
| Use ability | 34 |
| Assign group | 19 |
| Chat | 10 |
| Resource trade | 6 |
| Minimap ping | 2 |
| Item give/drop | 1 |
153 units @ 21.7k
/ 2.5k
92 buildings @ 12.1k
/ 4.5k
⇛
KhaosKnights
(3)
(19:00) : 

| Scroll of Regeneration | 1 | 100 |
| Lesser Clarity Potion | 4 | 280 |
| Scroll of Town Portal | 3 | 1050 |
| Boots of Speed | 2 | 500 |
| Healing Salve | 1 | 100 |
| Scroll of Speed | 1 | 50 |
| Runed Bracers | 1 | 400 |
| Ring of Protection +4 | 2 | 600 |
| total: | 15 | 3080g |
| Peasant | 18 | 1350 | / | 0 |
| Rifleman | 18 | 3690 | / | 540 |
| Sorceress | 6 | 930 | / | 120 |
| Priest | 1 | 135 | / | 10 |
| total: | 43 | 6105g | / | 670w |
| Scout Tower | 8 | 240 | / | 160 |
| Guard Tower | 7 | 490 | / | 350 |
| Altar of Kings | 1 | 180 | / | 50 |
| Farm | 11 | 880 | / | 220 |
| Barracks | 2 | 320 | / | 120 |
| Blacksmith | 1 | 140 | / | 60 |
| Town Hall | 1 | 385 | / | 205 |
| Lumber Mill | 1 | 120 | / | 0 |
| Arcane Vault | 1 | 130 | / | 30 |
| Arcane Sanctum | 2 | 300 | / | 280 |
| Keep | 1 | 320 | / | 210 |
| total: | 28 | 2695g | / | 1125w |
| 0:04 | Peasant |
| 0:04 | Peasant |
| 0:11 | Altar of Kings |
| 0:14 | Farm |
| 0:37 | Peasant |
| 0:50 | Barracks |
| 0:57 | Blacksmith |
| 1:02 | Peasant |
| 1:19 | Farm |
| 1:23 | Peasant |
| 1:38 | Peasant |
| 2:01 | Peasant |
| 2:10 | Rifleman |
| 2:13 | Farm |
| 2:20 | Storm Bolt |
| 2:22 | Peasant |
| 2:30 | Peasant |
| 2:44 | Peasant |
| 2:52 | Rifleman |
| 2:56 | Farm |
| 3:15 | Peasant |
| 3:23 | Rifleman |
| 3:30 | Peasant |
| 3:48 | Peasant |
| 3:52 | Bash |
| 4:11 | Town Hall |
| 4:51 | Farm |
| 5:00 | Farm |
| 5:13 | Boots of Speed |
| 5:19 | Boots of Speed |
| 5:32 | Rifleman |
| 5:33 | Keep |
| 5:43 | Peasant |
| 5:43 | Peasant |
| 5:50 | Rifleman |
| 5:59 | Storm Bolt |
| 6:03 | Lumber Mill |
| 6:06 | Peasant |
| 6:19 | Rifleman |
| 6:20 | Black Gunpowder |
| 6:31 | Barracks |
| 6:46 | Rifleman |
| 6:54 | Farm |
| 6:56 | Farm |
| 7:06 | Rifleman |
| 7:08 | Studded Leather Armor |
| 7:11 | Peasant |
| 7:11 | Peasant |
| 7:14 | Farm |
| 7:27 | Rifleman |
| 8:01 | Runed Bracers |
| 8:06 | Ring of Protection +4 |
| 9:04 | Rifleman |
| 9:08 | Long Rifles |
| 9:22 | Arcane Vault |
| 9:30 | Holy Light |
| 9:40 | Refined Gunpowder |
| 9:56 | Improved Lumber Harvesting |
| 9:58 | Arcane Sanctum |
| 9:59 | Arcane Sanctum |
| 10:16 | Rifleman |
| 10:38 | Bash |
| 10:53 | Ring of Protection +4 |
| 10:55 | Divine Shield |
| 11:04 | Farm |
| 11:04 | Farm |
| 11:16 | Scout Tower |
| 11:17 | Scout Tower |
| 11:17 | Scout Tower |
| 11:18 | Scout Tower |
| 11:19 | Scout Tower |
| 11:20 | Scout Tower |
| 11:21 | Scout Tower |
| 11:21 | Scout Tower |
| 11:38 | Scroll of Town Portal |
| 11:38 | Scroll of Regeneration |
| 12:11 | Rifleman |
| 12:11 | Sorceress |
| 12:17 | Guard Tower |
| 12:19 | Guard Tower |
| 12:28 | Guard Tower |
| 12:29 | Guard Tower |
| 12:43 | Lesser Clarity Potion |
| 12:51 | Sorceress |
| 13:00 | Sorceress |
| 13:27 | Sorceress |
| 13:40 | Holy Light |
| 13:48 | Priest |
| 13:55 | Lesser Clarity Potion |
| 13:56 | Healing Salve |
| 14:07 | Lesser Clarity Potion |
| 14:08 | Scroll of Speed |
| 14:30 | Sorceress Adept Training |
| 14:32 | Reinforced Leather Armor |
| 14:44 | Rifleman |
| 14:57 | Rifleman |
| 15:00 | Improved Masonry |
| 15:03 | Guard Tower |
| 15:06 | Guard Tower |
| 16:00 | Rifleman |
| 16:01 | Sorceress |
| 16:24 | Lesser Clarity Potion |
| 16:32 | Scroll of Town Portal |
| 17:12 | Rifleman |
| 17:18 | Storm Bolt |
| 17:42 | Rifleman |
| 17:57 | Rifleman |
| 18:02 | Sorceress |
| 18:43 | Scroll of Town Portal |
| Select group | 963 |
| Right click | 715 |
| Select | 361 |
| Misc. action | 100 |
| Build/train/purchase | 96 |
| Assign group | 71 |
| Use ability | 54 |
| Item give/drop | 9 |
| Resource trade | 6 |
| Minimap ping | 3 |
| Esc | 1 |

| Lesser Clarity Potion | 2 | 140 |
| Healing Salve | 1 | 100 |
| Tiny Great Hall | 1 | 600 |
| Scroll of Town Portal | 1 | 350 |
| total: | 5 | 1190g |
| Peon | 20 | 1500 | / | 0 |
| Troll Headhunter | 9 | 1260 | / | 180 |
| Troll Berserker | 10 | 1400 | / | 200 |
| Demolisher | 1 | 220 | / | 50 |
| total: | 40 | 4380g | / | 430w |
| Watch Tower | 4 | 440 | / | 320 |
| Orc Burrow | 8 | 1280 | / | 320 |
| Altar of Storms | 2 | 360 | / | 100 |
| War Mill | 1 | 205 | / | 0 |
| Barracks | 3 | 540 | / | 150 |
| Voodoo Lounge | 2 | 260 | / | 60 |
| Stronghold | 1 | 315 | / | 190 |
| Fortress | 1 | 325 | / | 190 |
| total: | 20 | 3085g | / | 950w |
| 0:04 | Peon |
| 0:04 | Peon |
| 0:04 | Peon |
| 0:05 | Peon |
| 0:21 | Orc Burrow |
| 0:36 | Altar of Storms |
| 0:52 | War Mill |
| 0:55 | Peon |
| 1:06 | Barracks |
| 1:14 | Peon |
| 1:25 | Peon |
| 1:43 | Orc Burrow |
| 1:48 | Peon |
| 2:06 | Peon |
| 2:10 | Troll Headhunter |
| 2:18 | Barracks |
| 2:32 | Voodoo Lounge |
| 2:44 | Troll Headhunter |
| 2:46 | Hex |
| 3:02 | Troll Headhunter |
| 3:32 | Troll Headhunter |
| 3:44 | Lesser Clarity Potion |
| 3:54 | Orc Burrow |
| 4:03 | Healing Salve |
| 4:47 | Stronghold |
| 4:52 | Orc Burrow |
| 5:46 | Troll Headhunter |
| 5:48 | Steel Armor |
| 5:48 | Steel Ranged Weapons |
| 6:07 | Watch Tower |
| 6:33 | Watch Tower |
| 6:40 | Watch Tower |
| 7:08 | Fortress |
| 7:11 | Troll Regeneration |
| 7:23 | Scroll of Town Portal |
| 7:56 | Troll Headhunter |
| 8:32 | Troll Headhunter |
| 9:18 | Troll Headhunter |
| 9:47 | Berserker Upgrade |
| 10:07 | Troll Headhunter |
| 10:10 | Thorium Armor |
| 10:16 | Lesser Clarity Potion |
| 10:25 | Tiny Great Hall |
| 11:04 | Voodoo Lounge |
| 11:22 | Troll Berserker |
| 11:49 | Troll Berserker |
| 11:53 | Arcanite Armor |
| 13:55 | Troll Berserker |
| 13:55 | Troll Berserker |
| 13:56 | Troll Berserker |
| 13:56 | Troll Berserker |
| 14:40 | Orc Burrow |
| 14:52 | Watch Tower |
| 14:53 | Peon |
| 14:53 | Peon |
| 14:54 | Peon |
| 15:13 | Peon |
| 15:19 | Troll Berserker |
| 15:29 | Orc Burrow |
| 15:43 | Demolisher |
| 15:46 | Burning Oil |
| 15:49 | Thorium Ranged Weapons |
| 16:01 | Healing Wave |
| 16:33 | Troll Berserker |
| 16:52 | Orc Burrow |
| 16:56 | Orc Burrow |
| 17:50 | Altar of Storms |
| 17:52 | Peon |
| 17:56 | Peon |
| 17:57 | Peon |
| 18:09 | Peon |
| 18:13 | Peon |
| 18:14 | Peon |
| 18:14 | Peon |
| 18:19 | Troll Berserker |
| 18:51 | Troll Berserker |
| 19:03 | Barracks |
| Right click | 366 |
| Select | 245 |
| Build/train/purchase | 66 |
| Use ability | 16 |
| Select group | 8 |
| Chat | 7 |
| Assign group | 5 |
| Item give/drop | 1 |
| Remove unit | 1 |


| Healing Salve | 2 | 200 |
| total: | 2 | 200g |
| Peon | 12 | 900 | / | 0 |
| Grunt | 4 | 800 | / | 0 |
| Troll Headhunter | 3 | 420 | / | 60 |
| Kodo Beast | 5 | 1275 | / | 300 |
| total: | 24 | 3395g | / | 360w |
| Altar of Storms | 1 | 180 | / | 50 |
| Orc Burrow | 6 | 960 | / | 240 |
| Barracks | 1 | 180 | / | 50 |
| Voodoo Lounge | 1 | 130 | / | 30 |
| War Mill | 2 | 410 | / | 0 |
| Great Hall | 2 | 770 | / | 370 |
| Beastiary | 1 | 145 | / | 140 |
| Tauren Totem | 1 | 135 | / | 155 |
| Stronghold | 1 | 315 | / | 190 |
| Fortress | 1 | 325 | / | 190 |
| total: | 15 | 2910g | / | 1035w |
| 0:04 | Altar of Storms |
| 0:06 | Peon |
| 0:10 | Orc Burrow |
| 0:20 | Peon |
| 0:29 | Barracks |
| 0:40 | Peon |
| 0:49 | Peon |
| 1:00 | Peon |
| 1:28 | Peon |
| 1:36 | Grunt |
| 1:43 | Orc Burrow |
| 1:52 | Peon |
| 2:16 | Voodoo Lounge |
| 2:24 | Wind Walk |
| 2:35 | Peon |
| 2:37 | Grunt |
| 2:45 | War Mill |
| 2:48 | War Mill |
| 3:11 | Grunt |
| 3:19 | Orc Burrow |
| 3:52 | Grunt |
| 4:09 | Stronghold |
| 4:19 | Healing Salve |
| 4:19 | Healing Salve |
| 4:38 | Troll Headhunter |
| 4:43 | Steel Ranged Weapons |
| 5:12 | Mirror Image |
| 5:30 | Troll Headhunter |
| 5:35 | Troll Headhunter |
| 5:39 | Orc Burrow |
| 6:11 | Orc Burrow |
| 6:13 | Steel Melee Weapons |
| 7:11 | Beastiary |
| 7:19 | Tauren Totem |
| 7:39 | War Stomp |
| 7:57 | Troll Regeneration |
| 8:07 | Peon |
| 8:09 | Peon |
| 8:29 | Ensnare |
| 8:37 | Kodo Beast |
| 8:58 | Mirror Image |
| 9:30 | Kodo Beast |
| 9:47 | Fortress |
| 10:04 | Kodo Beast |
| 10:32 | Kodo Beast |
| 10:37 | Orc Burrow |
| 11:22 | Kodo Beast |
| 13:41 | Great Hall |
| 14:41 | Great Hall |
| 16:16 | Peon |
| 17:13 | Peon |
| Right click | 664 |
| Select | 272 |
| Select group | 204 |
| Misc. action | 114 |
| Build/train/purchase | 67 |
| Assign group | 30 |
| Use ability | 10 |
| Minimap ping | 2 |

| Potion of Healing | 4 | 600 |
| Scroll of Town Portal | 1 | 350 |
| total: | 5 | 950g |
| Peasant | 12 | 900 | / | 0 |
| Rifleman | 22 | 4510 | / | 660 |
| Dragonhawk Rider | 5 | 1000 | / | 150 |
| Footman | 4 | 540 | / | 0 |
| Gryphon Rider | 3 | 840 | / | 210 |
| total: | 46 | 7790g | / | 1020w |
| Scout Tower | 2 | 60 | / | 40 |
| Guard Tower | 2 | 140 | / | 100 |
| Blacksmith | 1 | 140 | / | 60 |
| Barracks | 4 | 640 | / | 240 |
| Altar of Kings | 2 | 360 | / | 100 |
| Farm | 14 | 1120 | / | 280 |
| Lumber Mill | 1 | 120 | / | 0 |
| Town Hall | 1 | 385 | / | 205 |
| Arcane Vault | 1 | 130 | / | 30 |
| Workshop | 1 | 140 | / | 140 |
| Gryphon Aviary | 2 | 280 | / | 300 |
| Keep | 1 | 320 | / | 210 |
| Castle | 1 | 360 | / | 210 |
| total: | 29 | 3375g | / | 1395w |
| 0:04 | Peasant |
| 0:04 | Peasant |
| 0:04 | Peasant |
| 0:49 | Peasant |
| 0:50 | Peasant |
| 0:50 | Peasant |
| 1:07 | Blacksmith |
| 1:13 | Barracks |
| 1:20 | Altar of Kings |
| 1:25 | Altar of Kings |
| 1:30 | Peasant |
| 1:30 | Peasant |
| 1:36 | Farm |
| 1:42 | Farm |
| 1:46 | Farm |
| 1:54 | Peasant |
| 1:54 | Peasant |
| 2:24 | Farm |
| 2:36 | Lumber Mill |
| 2:40 | Rifleman |
| 2:47 | Rifleman |
| 2:52 | Peasant |
| 2:52 | Peasant |
| 3:04 | Scout Tower |
| 3:18 | Black Gunpowder |
| 3:38 | Scout Tower |
| 3:41 | Guard Tower |
| 3:50 | Rifleman |
| 4:04 | Holy Light |
| 4:14 | Guard Tower |
| 4:25 | Farm |
| 4:25 | Farm |
| 4:26 | Farm |
| 4:27 | Farm |
| 5:06 | Studded Leather Armor |
| 5:08 | Keep |
| 5:15 | Rifleman |
| 5:15 | Rifleman |
| 6:06 | Rifleman |
| 6:06 | Rifleman |
| 6:06 | Rifleman |
| 6:38 | Devotion Aura |
| 7:05 | Rifleman |
| 7:05 | Rifleman |
| 7:26 | Town Hall |
| 9:07 | Rifleman |
| 9:07 | Rifleman |
| 9:08 | Long Rifles |
| 10:01 | Workshop |
| 10:05 | Arcane Vault |
| 10:07 | Rifleman |
| 10:07 | Rifleman |
| 10:13 | Gryphon Aviary |
| 10:21 | Gryphon Aviary |
| 10:25 | Refined Gunpowder |
| 10:25 | Reinforced Leather Armor |
| 11:17 | Rifleman |
| 11:17 | Rifleman |
| 11:26 | Farm |
| 11:28 | Farm |
| 11:29 | Farm |
| 12:40 | Rifleman |
| 12:40 | Rifleman |
| 12:45 | Devotion Aura |
| 13:25 | Dragonhawk Rider |
| 13:25 | Dragonhawk Rider |
| 14:38 | Rifleman |
| 14:39 | Rifleman |
| 14:39 | Rifleman |
| 14:39 | Rifleman |
| 14:46 | Barracks |
| 14:47 | Barracks |
| 14:48 | Barracks |
| 15:08 | Castle |
| 16:10 | Footman |
| 16:10 | Footman |
| 16:10 | Footman |
| 16:10 | Footman |
| 16:16 | Holy Light |
| 17:05 | Dragonhawk Rider |
| 17:05 | Dragonhawk Rider |
| 17:05 | Dragonhawk Rider |
| 17:14 | Farm |
| 17:15 | Farm |
| 17:15 | Farm |
| 18:34 | Divine Shield |
| 18:45 | Imbued Gunpowder |
| 18:57 | Gryphon Rider |
| 18:58 | Gryphon Rider |
| 18:58 | Gryphon Rider |
| 19:12 | Potion of Healing |
| 19:13 | Potion of Healing |
| 19:13 | Potion of Healing |
| 19:13 | Potion of Healing |
| 19:17 | Scroll of Town Portal |
| Right click | 386 |
| Select group | 215 |
| Select | 148 |
| Build/train/purchase | 73 |
| Assign group | 26 |
| Minimap ping | 21 |
| Use ability | 11 |
| Remove unit | 1 |